 Dungeon Crawl Stone Soup version 0.31-a0-640-g39d97e502b (webtiles) character file.

Game seed: 1181949673604842220

45871 Newt the Basher (level 14, -4/82 HPs)
             Began as a Gargoyle Fighter on Aug 27, 2023.
             Was the Champion of Hepliaklqana.
             Slain by a dire elephant (24 damage)
             ... on level 15 of the Dungeon.
             The game lasted 00:20:47 (14165 turns).

Newt the Basher (Gargoyle Fighter)                 Turns: 14165, Time: 00:20:48

Health: -4/82      AC: 28    Str: 25    XL:     14   Next: 35%
Magic:  18/18      EV:  9    Int: 11    God:    Hepliaklqana [******]
Gold:   779        SH:  9    Dex:  9    Spells: 13/13 levels left

rFire   . . .        Q - +10 eveningstar "Xowuta" {heavy, rN+}
rCold   + . .        x - +0 kite shield
rNeg    + + +        g - +3 scale mail
rPois   ∞            Z - +0 hat of Ravioli {rC+ rN+ Int+2}
rElec   +            a - scarf {repulsion}
rCorr   .            (no gloves)
SInv    .            m - +0 pair of boots
Will    +....        i - amulet of Vitality {RegenMP++ Regen++} Stlth
                     H - +4 ring of protection
HPRegen 1.93/turn    z - +4 ring of slaying
MPRegen 0.96/turn

%: repel missiles
@: flying
A: reduced essence, sickness immunity, AC +10, big wings, negative energy
resistance 1, electricity resistance, torment resistance 1, petrification
resistance
a: Renounce Religion, Recall Ancestor, Ancestor Identity, Transference, Idealise


You were on level 15 of the Dungeon.
You worshipped Hepliaklqana.
Hepliaklqana was exalted by your worship.
You visited 1 branch of the dungeon, and saw 15 of its levels.
You also visited: Bailey and Gauntlet.

You collected 1157 gold pieces.
You spent 378 gold pieces at shops.

Inventory:

Hand Weapons
 w - a +6 flail
 Q - the +10 eveningstar "Xowuta" (weapon) {heavy, rN+}
   (You acquired it on level 8 of the Dungeon)

   rN+:       It protects you from negative energy.
Missiles
 b - 7 silver javelins
 n - 5 throwing nets
 s - 62 poisoned darts
 v - 9 boomerangs
Armour
 a - a scarf of repulsion (worn)
 g - a +3 scale mail (worn)
 m - a +0 pair of boots (worn)
 x - a +0 kite shield (worn)
 Z - the +0 hat of Ravioli (worn) {rC+ rN+ Int+2}
   (You found it in a Gauntlet)

   Int+2:     It affects your intelligence (+2).
   rC+:       It protects you from cold.
   rN+:       It protects you from negative energy.
Jewellery
 i - the amulet of Vitality (around neck) {RegenMP++ Regen++}
   (You found it on level 12 of the Dungeon)

   [amulet of magic regeneration]

   RegenMP:   It increases your rate of magic regeneration.
   Regen++:   It increases your rate of health regeneration.
 k - a ring of positive energy
 y - a ring of flight
 z - a +4 ring of slaying (right hand)
 D - an amulet of reflection
 G - the ring "Eryaphoe" {rN+ Dex+6}
   (You found it in a Gauntlet)

   [ring of dexterity]

   Dex+6:     It affects your dexterity (+6).
   rN+:       It protects you from negative energy.
 H - a +4 ring of protection (left hand)
 T - a ring of willpower
 X - a ring of protection from cold
Wands
 f - a wand of flame (6)
 p - a wand of acid (10)
 q - a wand of mindburst (9)
 F - a wand of iceblast (6)
 R - a wand of charming (19)
 Y - a wand of polymorph (4)
Scrolls
 c - 9 scrolls of identify
 E - 7 scrolls of teleportation
 K - a scroll of poison
 L - 2 scrolls of blinking
 M - 3 scrolls of fog
 N - 2 scrolls of fear
 S - 2 scrolls of enchant armour
 U - 2 scrolls of enchant weapon
 V - 2 scrolls of revelation
 W - a scroll of vulnerability
Potions
 d - 9 potions of might
 e - 3 potions of heal wounds
 h - 2 potions of invisibility
 j - 5 potions of brilliance
 l - 3 potions of lignification
 o - 8 potions of curing
 r - a potion of ambrosia
 t - 2 potions of magic
 u - 2 potions of haste
 A - 7 potions of enlightenment
 B - 3 potions of attraction
 C - 3 potions of mutation
 O - 3 potions of resistance
 P - a potion of cancellation
Miscellaneous
 I - a phantom mirror
 J - a box of beasts


   Skills:
 - Level 12.0 Fighting
 - Level 4.0 Short Blades
 - Level 14.0 Maces & Flails
 - Level 14.0 Armour
 - Level 6.0 Shields
 + Level 5.5 Invocations
 - Level 9.0 Evocations


You had 13 spell levels left.
You didn't know any spells.
Your spell library contained the following spells:

 Spells                   Type           Power      Damage    Failure   Level
 Apportation              Tloc           0%         N/A       78%         1
 Foxfire                  Conj/Fire      0%         2x1d4     78%         1
 Ensorcelled Hibernation  Hex/Ice        0%         N/A       89%         2
 Passwall                 Tmut/Erth      0%         N/A       89%         2
 Frozen Ramparts          Ice            0%         1d1       98%         3
 Ozocubu's Armour         Ice            0%         N/A       98%         3
 Swiftness                Air            0%         N/A       98%         3
 Tukima's Dance           Hex            0%         N/A       98%         3
 Anguish                  Hex/Necr       0%         N/A       100%        4
 Cause Fear               Hex            0%         N/A       100%        4
 Passage of Golubria      Tloc           0%         N/A       100%        4
 Petrify                  Tmut/Erth      0%         N/A       100%        4
 Summon Ice Beast         Ice/Summ       0%         N/A       100%        4
 Vhi's Electric Charge    Tloc/Air       0%         N/A       100%        4
 Alistair's Intoxication  Tmut/Pois      0%         N/A       100%        5
 Arcjolt                  Conj/Air       0%         1d10      100%        5
 Metabolic Englaciation   Hex/Ice        0%         N/A       100%        5
 Summon Mana Viper        Hex/Summ       0%         N/A       100%        5
 Yara's Violent Unravell  Hex/Tmut       0%         3d3       100%        5
 Plasma Beam              Fire/Air       0%         2x1d10    100%        6
 Simulacrum               Ice/Necr       0%         N/A       100%        6
 Starburst                Conj/Fire      0%         6d3       100%        6
 Enfeeble                 Hex            0%         N/A       100%        7
 Haunt                    Necr/Summ      0%         N/A       100%        7
 Monstrous Menagerie      Summ           0%         N/A       100%        7
 Ozocubu's Refrigeration  Ice            0%         4d7       100%        7
 Borgnjor's Revivificati  Necr           0%         N/A       100%        8
 Maxwell's Capacitive Co  Air            0%         ∞         100%        8
 Death's Door             Necr           0%         N/A       100%        9


Dungeon Overview and Level Annotations

Branches:
Dungeon (15/15)            Temple (0/1) D:7            Lair (0/5) D:9
    Orc (0/2) D:9          Vaults (0/5) D:14         Bailey (visited)
Gauntlet (visited)
 Depths: D:15

Altars:
Gozag
Hepliaklqana
Makhleb
Okawaru
Wu Jian
Zin

Shops:
D:2 :   D:4 ?**!   D:10 ?*   D:12 [

Annotations:
D:4 2 transporters


Innate Abilities, Weirdness & Mutations

Your life essence is reduced to manifest your ancestor. (-10% HP)
You are immune to sickness and miasma.
Your stone body is resilient. (AC +10)
You are immune to poison.
Your large and strong wings let you fly.
You resist negative energy. (rN+)
You are resistant to electric shocks. (rElec)
You are resistant to unholy torment.
You are immune to petrification.


Message History

The salamander is severely wounded.
You block the salamander's attack.
Unknown command.
You sock the salamander!
The salamander is almost dead.
A dire elephant comes into view.
Two slime creatures merge to form a large slime creature.
The salamander hits you but does no damage.
You sock the large slime creature!
The large slime creature is lightly wounded.
The salamander hits you but does no damage.
You puncture the large slime creature!
The large slime creature is lightly wounded.
The large slime creature hits you. You block the salamander's attack.
You impale the large slime creature!!
The large slime creature is moderately wounded.
The large slime creature hits you!
The salamander hits you but does no damage.
The large slime creature hits you!!
You bludgeon the large slime creature!!
The large slime creature is heavily wounded.
The salamander closely misses you.
The large slime creature closely misses you.
Unknown command.
You bludgeon the large slime creature!!
The large slime creature is severely wounded.
The large slime creature barely misses you.
You block the salamander's attack.
Unknown command.
You skewer the large slime creature like a kebab!!!
You kill the large slime creature!
You block the salamander's attack.
Unknown command.
You sock the dire elephant!
The dire elephant is lightly wounded.
The salamander hits you from afar with a +0 trident.
You are engulfed in flames!
* * * LOW HITPOINT WARNING * * *
The dire elephant tramples you!!
You die...

...# #... ##.# #... ...## #..
#..# .... . ....## #.##..# ##...#
. .....## #.....# #....# .
###......# ###....####....#
.####.........####.......##......
..##.).............#.............
......z..........###...###.......
....zp..........@###...# ###.....
................#YN.#### #......
....##........≈.#.≈.#..# ##.....#
#...###...##....#...#..###.....##
#..## #..##..###+###.###........#
#..# #..##.....#.N.###....#....#
...# #..#....≈.#.≈. ##...####..
..## ##..#......#J.. ##..# ..
#.p###.......# #.### #..# #.


You could see a dire elephant and a salamander.

Vanquished Creatures
  A reaper (Gauntlet)
  A minotaur (Gauntlet)
  Snorg (D:11)
  Harold (D:11)
  A hydra (D:15)
  2 vault guards (D:14)
  3 two-headed ogres
  Erica (D:8)
  3 boulder beetles
  7 centaur warriors
  2 skeletal warriors (D:15)
  3 deep trolls (D:12)
  A wizard (D:14)
  An orc knight (Bailey)
  4 necromancers (D:14)
  2 cyclopes
  2 manticores
  2 ugly things (D:14)
  3 kobold demonologists
  A tengu conjurer (D:14)
  5 trolls
  6 slime creatures
  A wraith (D:10)
  4 shadows
  2 wyverns
  A basilisk (D:15)
  9 yaks
  2 hogs (shapeshifter)
  11 humans (D:14)
  7 vampire mosquitoes
  An acid dragon (D:8)
  3 wargs (D:9)
  2 hell hounds (D:9)
  3 water moccasins
  An ice beast (D:7)
  10 orc warriors
  A sky beast (D:7)
  2 black bears
  2 ogres
  7 centaurs
  6 kobold brigands (D:9)
  6 gnoll sergeants (D:9)
  A scorpion (D:9)
  4 bullfrogs
  A hornet simulacrum (D:14)
  14 wights
  A killer bee (D:9)
  8 howler monkeys
  3 jellies
  A hound (D:7)
  5 orc priests
  6 gnoll boudas
  A battlemage (D:8)
  13 orc wizards
  4 sleepcaps
  3 iguanas
  19 gnolls
  8 adders
  4 shadow imps
  A white imp (D:7)
  2 worms
  3 dart slugs
  39 orcs
  5 ball pythons
  4 endoplasms
  6 giant cockroaches
  9 goblins
  9 hobgoblins
  4 jackals
  9 kobolds
  2 quokkas (D:4)
  2 bats (D:1)
  4 frilled lizards
  6 rats
335 creatures vanquished.

Vanquished Creatures (collateral kills)
  A hydra (D:13)
  A death knight (D:15)
  A boulder beetle (D:12)
  A skeletal warrior (D:15)
  A deep troll (D:12)
  2 deep elf pyromancers
  2 ugly things
  2 cyclopes
  2 manticores
  A komodo dragon (D:7)
  2 trolls
  3 slime creatures
  A wraith (D:7)
  7 humans (D:14)
  3 steam dragons
  2 wargs (D:9)
  A water moccasin (D:7)
  3 orc warriors
  5 centaurs
  A phantom (D:6)
  2 bullfrogs
  A kobold brigand (D:9)
  A gnoll sergeant (D:10)
  A scorpion (D:7)
  5 wights
  4 howler monkeys
  3 orc priests
  4 iguanas
  2 gnoll boudas (D:9)
  6 orc wizards
  6 gnolls
  A white imp (D:7)
  An ufetubus (D:5)
  20 orcs
  An endoplasm (D:4)
  A giant cockroach (D:4)
  4 goblins (D:8)
105 creatures vanquished.

Vanquished Creatures (others)
  A steam dragon (D:6)
  8 battlemagi
9 creatures vanquished.

Grand Total: 449 creatures vanquished

Notes
Turn   | Place    | Note
-------+----------+-------------------------------------------
     0 | D:1      | Newt the Gargoyle Fighter began the quest for the Orb.
     0 | D:1      | Reached XP level 1. HP: 14/14 MP: 1/1
   106 | D:1      | Reached XP level 2. HP: 17/20 MP: 2/2
   529 | D:1      | Reached XP level 3. HP: 24/24 MP: 3/3
   988 | D:2      | Reached skill level 5 in Fighting
  1163 | D:2      | Reached XP level 4. HP: 23/31 MP: 4/4
  1356 | D:2      | Found Joniloew's Book Shoppe.
  1575 | D:2      | Found a hazy altar of Hepliaklqana.
  1763 | D:2      | Became a worshipper of Hepliaklqana the Forgotten
  2416 | D:3      | Noticed an ogre
  2423 | D:3      | HP: 1/31 [ogre/+0 giant club (10)]
  2792 | D:3      | Noticed a centaur
  2814 | D:3      | Killed a centaur
  2815 | D:3      | Reached skill level 5 in Armour
  2815 | D:3      | Reached skill level 1 in Short Blades
  2815 | D:3      | Reached XP level 5. HP: 27/35 MP: 5/5
  2981 | D:3      | Killed an ogre
  2982 | D:3      | Reached XP level 6. HP: 26/40 MP: 6/6
  3592 | D:4      | Found a transporter.
  3672 | D:4      | Found Teowk's Distillery.
  3688 | D:4      | Bought a potion of heal wounds for 55 gold pieces
  3688 | D:4      | Bought a potion of curing for 33 gold pieces
  3688 | D:4      | Bought a potion of degeneration for 11 gold pieces
  3688 | D:4      | Bought a potion of lignification for 33 gold pieces
  4006 | D:4      | Found Juon's Assorted Antiques.
  4009 | D:4      | Reached * piety under Hepliaklqana
  4012 | D:4      | Bought a scroll of identify for 46 gold pieces
  4133 | D:4      | Found Teps's Magic Scroll Emporium.
  4136 | D:4      | Bought a scroll of identify for 26 gold pieces
  4136 | D:4      | Bought a scroll of identify for 26 gold pieces
  4193 | D:4      | Found Zuerchea's General Store.
  4305 | D:4      | Found a transporter.
  4362 | D:4      | Found a hazy altar of Hepliaklqana.
  4363 | D:4      | Noticed an orc warrior
  4364 | D:4      | Found a faded altar of an unknown god.
  4367 | D:4      | Killed an orc warrior
  4368 | D:4      | Reached XP level 7. HP: 39/41 MP: 7/7
  4401 | D:5      | Entered Level 5 of the Dungeon
  4841 | D:5      | Reached ** piety under Hepliaklqana
  4842 | D:5      | Remembered your ancestor Edwyna as a battlemage
  5108 | D:4      | Bought a potion of mutation for 88 gold pieces
  5332 | D:6      | Reached skill level 5 in Maces & Flails
  5332 | D:6      | Reached XP level 8. HP: 45/45 MP: 8/8
  5398 | D:6      | Identified the +1 mace "Killer Klown's Doom" {flame, rCorr
                  | Int+2 Stlth-}
  6011 | D:6      | Reached XP level 9. HP: 53/53 MP: 9/9
  6029 | D:6      | Found an ornate altar of the Wu Jian Council.
  6461 | D:7      | Noticed a komodo dragon
  6470 | D:7      | Killed a komodo dragon
  6471 | D:7      | Reached skill level 10 in Maces & Flails
  6478 | D:7      | Reached skill level 1 in Evocations
  6490 | D:7      | Noticed a boulder beetle
  6502 | D:7      | Noticed a brown ugly thing
  6509 | D:7      | Killed a brown ugly thing
  6510 | D:7      | Reached XP level 10. HP: 20/57 MP: 10/10
  6519 | D:7      | Killed a boulder beetle
  6520 | D:7      | Reached skill level 5 in Evocations
  6999 | D:7      | Found a staircase to the Ecumenical Temple.
  7246 | D:7      | Found an opulent altar of Gozag.
  7356 | D:8      | Found a flagged portal.
  7372 | Bailey   | Entered a bailey
  7373 | Bailey   | Reached *** piety under Hepliaklqana
  7555 | Bailey   | Noticed an orc knight
  7571 | Bailey   | Killed an orc knight
  7840 | D:8      | Acquired the +10 eveningstar "Xowuta" {heavy, rN+}
  8024 | D:8      | Noticed Erica
  8042 | D:8      | Killed Erica
  8043 | D:8      | Reached XP level 11. HP: 35/61 MP: 11/11
  8234 | D:9      | Found a staircase to the Lair.
  8305 | D:9      | Found a staircase to the Orcish Mines.
  8497 | D:9      | Found an iron altar of Okawaru.
  8545 | D:9      | Noticed a deep elf pyromancer
  8551 | D:9      | Noticed an ogre mage
  8552 | D:9      | Noticed a two-headed ogre
  8804 | D:9      | Reached skill level 5 in Shields
  8844 | D:9      | Reached **** piety under Hepliaklqana
  8925 | D:9      | Identified the scarf of Ined {harm, rC- rN+ Str+2}
  9036 | D:9      | Found a burning altar of Makhleb.
  9118 | D:9      | Killed a deep elf pyromancer
  9467 | D:10     | Entered Level 10 of the Dungeon
  9488 | D:10     | Reached XP level 12. HP: 60/65 MP: 10/12
  9592 | D:10     | Found Unkoenuq's Magic Scroll Emporium.
  9604 | D:10     | Bought a scroll of fear for 60 gold pieces
  9948 | D:10     | Found Zin's Purification Station.
  9950 | D:10     | Found a glowing silver altar of Zin.
 10185 | D:10     | Reached ***** piety under Hepliaklqana
 10261 | D:11     | Noticed Harold
 10269 | D:11     | Killed Harold
 10780 | D:11     | Noticed a two-headed ogre
 10785 | D:11     | Killed a two-headed ogre
 10882 | D:11     | Noticed Snorg
 10885 | D:11     | Killed Snorg
 11033 | D:12     | Noticed a two-headed ogre
 11035 | D:12     | Noticed a boulder beetle
 11036 | D:12     | Killed a two-headed ogre
 11053 | D:12     | Killed a boulder beetle
 11124 | D:12     | Found Yhasturch's Antique Armour Shoppe.
 11231 | D:12     | Reached skill level 10 in Armour
 11473 | D:12     | Found the amulet of Vitality {RegenMP++ Regen++}
 11542 | D:12     | Identified the +8 falchion of Quick Death {heavy, Fragile
                  | rPois rF+++ SInv}
 11644 | D:12     | Noticed a boulder beetle
 11650 | D:12     | Killed a boulder beetle
 11651 | D:12     | Reached XP level 13. HP: 67/72 MP: 13/13
 11723 | D:12     | Identified the +0 chain mail of Dutid {Harm}
 11880 | D:13     | Found a gate leading to a gauntlet.
 11898 | D:13     | Reached skill level 10 in Fighting
 11903 | Gauntlet | Entered a Gauntlet
 11903 | Gauntlet | Found a transporter.
 11922 | Gauntlet | Found a transporter.
 11937 | Gauntlet | Found a transporter.
 11938 | Gauntlet | Found a transporter.
 11958 | Gauntlet | Found a transporter.
 11969 | Gauntlet | Noticed a reaper
 11971 | Gauntlet | Found a transporter.
 11976 | Gauntlet | Found a transporter.
 11980 | Gauntlet | Found a transporter.
 12008 | Gauntlet | Found a transporter.
 12009 | Gauntlet | Found a transporter.
 12013 | Gauntlet | Found a transporter.
 12032 | Gauntlet | Found a transporter.
 12134 | Gauntlet | Identified the ring "Eryaphoe" {rN+ Dex+6}
 12138 | Gauntlet | Identified the +1 sling of Baom {freeze, rF+}
 12154 | Gauntlet | Killed a reaper
 12172 | Gauntlet | Identified the +0 hat of Ravioli {rC+ rN+ Int+2}
 12208 | Gauntlet | Noticed a minotaur
 12214 | Gauntlet | Killed a minotaur
 13182 | D:14     | Found a gate to the Vaults.
 13182 | D:14     | Noticed a vault guard
 13191 | D:14     | Noticed a vault guard
 13198 | D:14     | Killed a vault guard
 13199 | D:14     | Gained mutation: Your large and strong wings let you fly.
                  | [Gargoyle growth]
 13199 | D:14     | Reached XP level 14. HP: 36/82 MP: 14/14
 13647 | D:15     | Entered Level 15 of the Dungeon
 13806 | D:15     | Reached skill level 1 in Invocations
 13811 | D:15     | Reached ****** piety under Hepliaklqana
 14108 | D:15     | Reached skill level 5 in Invocations
 14158 | D:15     | Noticed a dire elephant
 14165 | D:15     | Slain by a dire elephant

Illustrated notes

Levels and vault maps discovered:
D:1:      elethiomel_arrival_diamonds, layout_basic, serial_bayou_pond_c,
          kennysheep_boxes
D:2:      layout_basic, basic_altar, serial_shops, nicolae_shop_stone
D:3:      layout_rooms
D:4:      gammafunk_cloud_chamber, layout_basic,
          beargit_hepliaklqana_dungeon_heroes, serial_shops,
          nicolae_shop_behind_doors, shop, nicolae_square_shop,
          nicolae_shop_rolled_up, kennysheep_generic_room_6
D:5:      layout_loops_ring
D:6:      cheibrodos_steamvent, layout_basic, pdpol_wu_jian_five_deadly_venoms
D:7:      minmay_the_grid_square_5x5_3x3 [minmay_the_grid_square_5x5_shuriken,
          minmay_the_grid_square_5x5_meh,
          minmay_the_grid_square_5x5_checkered_statues,
          minmay_the_grid_square_5x5_bracketed,
          minmay_the_grid_square_5x5_megaprize_open,
          minmay_the_grid_square_5x5_pentomino_r,
          minmay_the_grid_square_5x5_percent,
          minmay_the_grid_square_5x5_tri_point,
          minmay_the_grid_square_5x5_two_walls_b], layout_basic,
          general_overflow_altar, minmay_temple_entry_purple_smoke, minivault_1
D:8:      layout_gridville, enter_bailey_5, minmay_misc_feat_four_crosses,
          uniq_erica
D:9:      lemuel_castle_with_subvaults [lemuel_castle_interior_original],
          layout_irregular_city, lightli_temple_of_fire, okawaru_gym_becter,
          due_lair_maze_entry_diamond, david_orc_2, minivault_11,
          ebering_dispersal_statue_hall
D:10:     layout_small_grid, zin_purify, serial_shops, shop_statue
D:11:     layout_small_grid, serial_glass, glass_columns_b, glass_columns_b,
          glass_columns_c, glass_columns_b, glass_columns_c, glass_columns_b,
          kennysheep_generic_room_5, uniq_snorg, uniq_harold
D:12:     layout_roguey, serial_shops, shop,
          hellmonk_guarded_unrand_vitality_bloodlust
D:13:     layout_roguey [special_room_orc], gauntlet_entry_generic,
          serial_curves, eino_curves_03, eino_curves_04
D:14:     layout_big_octagon, grunt_vaults_entry_tiered,
          hangedman_decor_peaks_small
D:15:     hangedman_depths_entry_try_elsewhere_first, layout_layer_cave,
          hangedman_decor_diamond_cutter

Skill      XL: |  1  2  3  4  5  6  7  8  9 10 11 12 13 14 |
---------------+-------------------------------------------+-----
Fighting       | 4 5 6 8 9 12 | 12.0
Armour         | 5 10 13 14 | 14.0
Short Blades   | 1 3 4 |  4.0
Maces & Flails | 5 7 10 12 14 | 14.0
Evocations     | 4 5 7 9 |  9.0
Shields        | 6 |  6.0
Invocations    | 5 |  5.5

Action                     |  1- 3 |  4- 6 |  7- 9 | 10-12 | 13-15 || total
---------------------------+-------+-------+-------+-------+-------++-------
  Melee: Flail             |    23 |       |   192 |    80 |       ||   295
         Dagger            |   111 |   204 |       |       |       ||   315
         Eveningstar       |       |       |       |   211 |   188 ||   399
  Throw: Throwing net      |       |     1 |       |       |       ||     1
 Invoke: Ancestor Life: Ba |       |       |     1 |       |       ||     1
         Recall Ancestor   |       |       |       |     4 |     1 ||     5
  Evoke: Wand              |       |       |     2 |     5 |     1 ||     8
    Use: Scroll            |     7 |     1 |     5 |     7 |     4 ||    24
         Potion            |       |     1 |       |     3 |     3 ||     7
   Stab: Distracted        |       |       |     4 |     4 |     5 ||    13
         Invisible         |       |       |       |       |     1 ||     1
 Armour: Scale mail        |    68 |    92 |   121 |   175 |   190 ||   646
  Dodge: Dodged            |    78 |    78 |    72 |   116 |   121 ||   465
         Repelled          |       |       |       |     1 |       ||     1
  Block: Buckler           |    31 |    34 |       |       |       ||    65
         Kite shield       |       |       |    67 |   126 |   111 ||   304

Table legend: (Time is in decaauts)
 A = Elapsed time spent in this place.
 B = Non-inter-level travel time spent in this place.
 C = Inter-level travel time spent in this place.
 D = Time resting spent in this place.
 E = Time spent auto-exploring this place.
 F = Levels seen in this place.
 G = Mean time per level.
                   A        B        C        D        E       F      G
               +--------+--------+--------+--------+--------+-----+--------+
         Total |  14339 |  13614 |    725 |   2014 |   8765 |  17 |  843.5 |
       Dungeon |  13557 |  12832 |    725 |   1849 |   8424 |  15 |  903.8 |
        Bailey |    462 |    462 |      0 |    165 |    192 |   1 |  462.0 |
      Gauntlet |    318 |    318 |      0 |      0 |    149 |   1 |  318.0 |
               +--------+--------+--------+--------+--------+-----+--------+

Top non-repeatable levels by time:
     D:2: 1476 daAuts
     D:9: 1283 daAuts
     D:6: 1169 daAuts
     D:4: 1132 daAuts
     D:1: 980 daAuts
     D:7: 976 daAuts
     D:3: 912 daAuts
    D:12: 871 daAuts
    D:14: 850 daAuts
    D:10: 782 daAuts
    D:11: 736 daAuts
     D:5: 724 daAuts
    D:13: 660 daAuts
    D:15: 526 daAuts
     D:8: 472 daAuts
